[ AOE2 MATCH · #506819379 ]
UnrankedTeutons vs Tupi
Player's team · LOSS
Rival team · WIN
[ REPLAY ANALYSIS · EXTRACTED FROM THE RECORDED GAME ]
Feudal
9:01
Castle
—
Imperial
—
| APM avg | 61.4 |
| APM peak | 95 |
| eAPM avg | 19.9 |
| Villagers / military | 33 / 14 |
Focus
⚔️ 30.0% · 🌾 70.0%
Archer ×7 · Skirmisher ×4 · Militia ×3
Feudal
8:50
Castle
—
Imperial
—
| APM avg | 73.1 |
| APM peak | 111 |
| eAPM avg | 26.8 |
| Villagers / military | 26 / 6 |
Focus
⚔️ 40.8% · 🌾 59.2%
Archer ×3 · Spearman ×3 · Unknown (2550) ×3
Match map
Initial resources + every placement click. Lines = walls · curves = elevation contours. ◆ gold · ⬟ stone · ● berries · ✦ relic · ◌ wall gap
Your base· Open — 2t gap
Pirate's base· Open — 9t gap
Smoothed initial terrain · ◌ = detected wall gap · hover for details
Inputs per minute
— Zezlot - - Pirate
Build order — Zezlot
74 actions detected in the replay
| 0:02 | Build | House |
| 0:02 | Build | House |
| 0:03 | Create | Villager (Male) |
| 0:03 | Create | Villager (Male) |
| 0:09 | Create | Villager (Male) |
| 0:09 | Create | Villager (Male) |
| 1:27 | Create | Villager (Male) |
| 1:53 | Create | Villager (Male) |
| 1:55 | Build | Lumber Camp |
| 2:41 | Create | Villager (Male) |
| 2:44 | Create | Villager (Male) |
| 2:44 | Create | Villager (Male) |
| 3:22 | Create | Villager (Male) |
| 3:46 | Create | Villager (Male) |
| 3:50 | Build | House |
| 3:59 | Create | Villager (Male) |
| 4:08 | Create | Villager (Male) |
| 4:37 | Create | Villager (Male) |
| 4:39 | Create | Villager (Male) |
| 5:02 | Create | Villager (Male) |
| 5:03 | Create | Villager (Male) |
| 5:05 | Create | Villager (Male) |
| 5:38 | Build | Barracks |
| 6:03 | Create | Villager (Male) |
| 6:11 | Create | Villager (Male) |
| 6:17 | Research | Loom |
| 6:36 | Research | Feudal Age |
| 6:53 | Build | Mining Camp |
| 7:03 | Create | Militia |
| 7:30 | Create | Militia |
| 7:30 | Create | Villager (Male) |
| 7:34 | Build | House |
| 7:57 | Create | Villager (Male) |
| 8:17 | Create | Militia |
| 8:38 | Create | Villager (Male) |
| 8:39 | Create | Villager (Male) |
| 9:01 | Age | Feudal Age |
| 9:06 | Build | Archery Range |
| 9:13 | Research | Man-at-Arms (upgrade) |
| 9:22 | Build | Watch Tower |
| 9:49 | Create | Villager (Male) |
| 9:56 | Create | Villager (Male) |
| 10:03 | Build | Palisade Wall |
| 10:04 | Build | Palisade Wall |
| 10:06 | Build | Palisade Wall |
| 10:14 | Create | Archer |
| 10:15 | Create | Archer |
| 10:30 | Create | Villager (Male) |
| 10:30 | Create | Archer |
| 10:34 | Build | House |
| 10:34 | Build | House |
| 10:52 | Create | Archer |
| 10:52 | Create | Villager (Male) |
| 11:04 | Build | House |
| 11:05 | Create | Skirmisher |
| 11:11 | Build | Blacksmith |
| 11:35 | Build | House |
| 11:38 | Build | House |
| 11:39 | Create | Villager (Male) |
| 11:40 | Create | Skirmisher |
| 11:40 | Create | Skirmisher |
| 11:48 | Build | Palisade Wall |
| 11:48 | Create | Villager (Male) |
| 12:12 | Create | Archer |
| 12:22 | Create | Archer |
| 12:25 | Create | Skirmisher |
| 12:27 | Create | Villager (Male) |
| 12:41 | Create | Archer |
| 12:58 | Create | Villager (Male) |
| 13:02 | Research | Fletching |
| 13:02 | Research | Fletching |
| 13:05 | Build | Palisade Wall |
| 13:10 | Create | Villager (Male) |
| 13:13 | Build | Mill |
Build order — Pirate
63 actions detected in the replay
| 0:00 | Create | Villager (Male) |
| 0:00 | Create | Villager (Male) |
| 0:02 | Build | House |
| 0:05 | Build | House |
| 0:12 | Create | Villager (Male) ×2 |
| 1:00 | Create | Villager (Male) |
| 1:31 | Create | Villager (Male) |
| 1:43 | Build | Settlement |
| 2:18 | Create | Villager (Male) |
| 2:18 | Create | Villager (Male) |
| 2:50 | Create | Villager (Male) |
| 2:50 | Create | Villager (Male) |
| 3:37 | Create | Villager (Male) |
| 3:37 | Create | Villager (Male) |
| 4:16 | Create | Villager (Male) |
| 4:16 | Create | Villager (Male) |
| 4:35 | Create | Villager (Male) |
| 4:35 | Create | Villager (Male) |
| 4:45 | Build | Barracks |
| 5:17 | Research | Loom |
| 6:03 | Build | Palisade Wall |
| 6:17 | Build | Settlement |
| 6:37 | Research | Feudal Age |
| 6:37 | Research | Feudal Age |
| 6:54 | Build | Palisade Wall |
| 7:01 | Create | Unit 2550 |
| 7:19 | Create | Unit 2550 |
| 7:32 | Create | Villager (Male) |
| 8:17 | Create | Unit 2550 |
| 8:33 | Build | House |
| 8:47 | Create | Villager (Male) |
| 8:50 | Age | Feudal Age |
| 8:51 | Build | Archery Range |
| 8:55 | Research | Tech 1402 |
| 8:59 | Research | Double-Bit Axe |
| 9:12 | Create | Villager (Male) |
| 9:18 | Create | Spearman |
| 9:32 | Create | Archer |
| 9:32 | Create | Archer |
| 9:45 | Create | Villager (Male) |
| 10:09 | Create | Villager (Male) |
| 10:12 | Build | House |
| 10:20 | Create | Archer |
| 10:33 | Create | Spearman |
| 10:43 | Build | House |
| 10:54 | Build | Blacksmith |
| 10:58 | Create | Spearman |
| 11:00 | Create | Villager (Male) |
| 11:11 | Create | Villager (Male) |
| 11:40 | Create | Villager (Male) |
| 11:55 | Research | Arson |
| 12:00 | Research | Fletching |
| 12:00 | Research | Fletching |
| 12:03 | Build | Farm |
| 12:04 | Build | Farm |
| 12:04 | Build | Farm |
| 12:08 | Build | House |
| 12:17 | Build | Settlement |
| 12:33 | Create | Villager (Male) |
| 12:34 | Create | Villager (Male) |
| 12:41 | Build | Farm |
| 12:45 | Build | Farm |
| 12:49 | Build | House |
Match timeline
| 4:45 | Pirate · first_building Barracks |
| 5:38 | Zezlot · first_building Barracks |
| 6:03 | Pirate · wall_segment Palisade Wall x1 |
| 6:54 | Pirate · wall_segment Palisade Wall x1 |
| 8:50 | Pirate · age_up feudal |
| 8:51 | Pirate · first_building Archery Range |
| 9:01 | Zezlot · age_up feudal |
| 9:06 | Zezlot · first_building Archery Range |
| 10:03 | Zezlot · wall_segment Palisade Wall x1 |
| 10:04 | Zezlot · wall_segment Palisade Wall x1 |
| 10:06 | Zezlot · wall_segment Palisade Wall x1 |
| 11:48 | Zezlot · wall_segment Palisade Wall x1 |
| 13:05 | Zezlot · wall_segment Palisade Wall x1 |
| 13:26 | Zezlot · resign |
[ AI ANALYSIS · 1 CREDIT ]
What really happened in this match?
Wolo.gg analyzes every decision: build order, eco, micro, common mistakes by bracket. Personalized analysis on WhatsApp or Discord in 30 seconds.
Civ guide
Teutons
Perfil
Jugador #14438285